 Dungeon Sprint DCSS version 0.31-a0-344-gd109795599 (webtiles) character file.

Game seed: 15063212355523878010

28174 bmack86 the Executioner (level 13, 0/136 HPs)
             Began as a Minotaur Fighter on July 21, 2023.
             Was an Initiate of Gozag.
             Slain by an iron golem (29 damage)
             ... in the Dungeon (Sprint V: "Ziggurat Sprint").
             The game lasted 00:13:43 (772 turns).

bmack86 the Executioner (Minotaur Fighter)           Turns: 772, Time: 00:13:44

Health: 0/136      AC: 35    Str: 27    XL:     13   Next: 8%
Magic:  0/12       EV:  3    Int: 11    God:    Gozag
Gold:   3102       SH: 41    Dex: 14    Spells: 12/12 levels left

rFire   + . .        B - +16 obsidian axe {drain, demonic, Mesm Drain Fly SInv}
rCold   x x .        C - +18 shield of the Gong {Loud rN+ Will+ rCorr EV-5}
rNeg    + . .        D - +15 Maxwell's patent armour {-Cast -Tele rElec Will+ rCorr}
rPois   .            (helmet restricted)
rElec   +            (no cloak)
rCorr   +            N - +0 pair of gloves of the Lair of Beasts {rF+ rC- Dex+2}
SInv    +            (no boots)
Will    ++...        R - brooch of Shielding {Spirit SH+8} Stlth
                     U - +4 ring of slaying
HPRegen 0.42/turn    G - ring of Urchoq {rElec rC- Int+6 Dex+3}
MPRegen 0.13/turn

%: no teleportation, no spellcasting, guardian spirit
@: on berserk cooldown, flying, mesmerised, slowed, studying Dodging, bribing
[the Dungeon], very slow
A: horns 2, retaliatory headbutt
a: Renounce Religion, Potion Petition, Call Merchant, Bribe Branch


You were in the Dungeon.
You worshipped Gozag.
Gozag was most pleased with you.
You visited 1 branch You collected 6102 gold pieces.
You paid 3000 gold pieces to Gozag.

Inventory:

Hand Weapons
 B - the +16 obsidian axe (weapon) {drain, demonic, Mesm Drain Fly SInv}
   (You found it in the Dungeon)

   Mesm:      Its wielder is mesmerised by any visible foes, and it cannot be
   unequipped while any foes are visible.
   SInv:      It lets you see invisible.
   Fly:       It grants you flight.
   Drain:     It drains your maximum health when unequipped.
Armour
 C - the +18 shield of the Gong (worn) {Loud rN+ Will+ rCorr EV-5}
   (You found it in the Dungeon)

   Loud:      It is deafeningly noisy when blocking attacks.
   EV:        It affects your evasion (-5).
   rN:        It protects you from negative energy.
   rCorr:     It protects you from acid and corrosion.
   Will:      It increases your willpower.
 D - the +15 Maxwell's patent armour (worn) {-Cast -Tele rElec Will+ rCorr}
   (You found it in the Dungeon)

   rElec:     It insulates you from electricity.
   -Cast:     It prevents spellcasting.
   -Tele:     It prevents most forms of teleportation.
   rCorr:     It protects you from acid and corrosion.
   Will:      It increases your willpower.
 N - the +0 pair of gloves of the Lair of Beasts (worn) {rF+ rC- Dex+2}
   (You found it in the Dungeon)

   Dex:       It affects your dexterity (+2).
   rF:        It protects you from fire.
   rC:        It makes you vulnerable to cold.
Jewellery
 E - a ring of protection from fire
 G - the ring of Urchoq (right hand) {rElec rC- Int+6 Dex+3}
   (You found it in the Dungeon)

   [ring of intelligence]

   Int:       It affects your intelligence (+6).
   Dex:       It affects your dexterity (+3).
   rC:        It makes you vulnerable to cold.
   rElec:     It insulates you from electricity.
 H - an amulet of the acrobat
 M - the ring of Diwnal {Fire Dex+3}
   (You found it in the Dungeon)

   [ring of fire]

   It enhances your fire magic.
   Dex:       It affects your dexterity (+3).
   rF:        It protects you from fire.
   rC:        It makes you vulnerable to cold.
 R - the brooch of Shielding (around neck) {Spirit SH+8}
   (You found it in the Dungeon)

   [amulet of guardian spirit]

   It causes incoming damage to be divided between your reserves of health and
   magic.
   SH:        It affects your SH (+8).
 S - a ring of poison resistance
 T - a +6 ring of intelligence
 U - a +4 ring of slaying (left hand)
Wands
 s - a wand of mindburst (29)
 t - a wand of light (7)
 F - a wand of polymorph (9)
 I - a wand of digging (8)
 J - a wand of flame (22)
 Q - a wand of charming (7)
Scrolls
 j - 4 scrolls of blinking
 o - 4 scrolls of amnesia
 p - 7 scrolls of fog
 q - 5 scrolls of identify
 r - 2 scrolls of fear
 K - 4 scrolls of enchant weapon
 O - 4 scrolls of enchant armour
Potions
 d - 5 potions of might
 e - 10 potions of curing
 f - 14 potions of heal wounds
 g - 5 potions of haste
 h - 7 potions of magic
 i - 2 potions of berserk rage
 k - 2 potions of brilliance
 l - 2 potions of invisibility
 m - 4 potions of resistance
Miscellaneous
 n - a phantom mirror


   Skills:
 + Level 18.6 Fighting
 * Level 26.1 Axes
 + Level 18.6 Armour
 + Level 20.9 Shields


You had 12 spell levels left.
You didn't know any spells.
Your spell library contained the following spells:

 Spells                   Type           Power      Damage    Failure   Level
 Cigotuvi's Dreadful Rot  Necr/Pois/Air  0%         N/A       97%         2
 Lesser Beckoning         Tloc           0%         N/A       97%         2
 Poisonous Vapours        Pois/Air       0%         N/A       97%         2
 Call Canine Familiar     Summ           0%         N/A       100%        3
 Gell's Gravitas          Tloc           0%         N/A       100%        3
 Ignite Poison            Fire/Tmut/Pois 0%         N/A       100%        3
 Mephitic Cloud           Conj/Pois/Air  0%         N/A       100%        3
 Portal Projectile        Hex/Tloc       0%         N/A       100%        3
 Teleport Other           Tloc           0%         N/A       100%        3
 Leda's Liquefaction      Hex/Erth       0%         N/A       100%        4
 Freezing Cloud           Conj/Ice/Air   0%         6-21      100%        5
 Conjure Ball Lightning   Conj/Air       0%         3x3d6     100%        6
 Enfeeble                 Hex            0%         N/A       100%        7
 Summon Hydra             Summ           0%         N/A       100%        7
 Discord                  Hex            0%         N/A       100%        8
 Disjunction              Tloc           0%         N/A       100%        8


Dungeon Overview and Level Annotations

Branches:
Dungeon (1/1)

Altars:
Ashenzari
Cheibriados
Dithmenos
Elyvilon
Fedhas
Gozag
Hepliaklqana
Kikubaaqudgha
Makhleb
Nemelex Xobeh
Okawaru
Qazlal
Ru
Sif Muna
Trog
Uskayaw
Vehumet
Wu Jian
Xom
Yredelemnul
Zin
The Shining One
Jiyva
Lugonu

Annotations:
D 1 transporter


Innate Abilities, Weirdness & Mutations

You have a pair of horns on your head.
You reflexively headbutt those who attack you in melee.


Message History

You open the crystal guardian like a pillowcase!!!
The crystal guardian is severely damaged.
You slash the iron dragon!
You hit the iron golem but do no damage.
Visions of slaying the iron golem flood into your mind.
The crystal guardian is distracted by your dazzling golden aura.
The iron golem is distracted by your dazzling golden aura.
The iron dragon is distracted by your dazzling golden aura.
The iron dragon roars deafeningly!
You hit the crystal guardian.
The crystal guardian is no longer distracted by gold.
You headbutt the crystal guardian.
The crystal guardian is severely damaged.
You slash the iron dragon! You open a gate to Pandemonium!
A demon appears!
The iron dragon is no longer distracted by gold.
You hit the iron golem.
The iron golem is no longer distracted by gold.
Visions of slaying the iron dragon flood into your mind.
You block the crystal guardian's attack.
GONNNNG!
You block the iron golem's attack.
GONNNNG!
The iron golem hits you. The iron dragon bites you.
You block the iron dragon's attack.
PANG!
You block the iron dragon's attack.
GONNNNG!
You slice the crystal guardian!!
You headbutt the crystal guardian, but do no damage.
The crystal guardian is almost destroyed.
You barely miss the iron dragon. You slash the iron golem!
Visions of slaying the crystal guardian flood into your mind.
The crystal guardian fires a crystalline bolt at you.
The crystal bolt freezes you!!!
You feel a terrible chill!
* * * LOW HITPOINT WARNING * * *
You block the iron golem's attack.
GONNNNG!
The iron golem hits you!!
You die...
Your body crumbles into a pile of gold.

▓....|...▓..
▓...[....▓..
▓▓▓▓▓▓▓▓▓▓▓▓▓........▓..
▓....8©8....▓........▓..
▓..|:|[|!)..▓........▓.▓
▓...[)[[)[..▓...©....▓..
▓...........▓▓▓▓▓▓▓▓▓▓▓▓
▓.....D9....▓...8©8...▓.
▓.....9@3...▓..||.)...▓.
▓.....$$$...▓...).)...▓.
▓...........▓.........▓.
▓..▓.....▓..▓.........▓.
▓...........▓.........▓.
▓.....©.....▓.........▓.
▓▓▓▓▓▓▓▓▓▓▓▓▓.▓.....▓.▓.
▓....8©8....▓....©....▓.
▓..|...|))..▓▓▓▓▓▓▓▓▓▓▓▓


You could see an iron golem, an iron dragon, a crystal guardian (mesmerising,
ally target) and a friendly ynoxinul (summoned).

Vanquished Creatures
  2 quicksilver dragons (D)
  An acid blob (D)
  A rockslime (D)
  2 iron dragons (D)
  An orc warlord (D)
  A formless jellyfish (D)
  A ghoul (D)
  A white draconian (D)
  2 crystal guardians (D)
  A great orb of eyes (D)
  2 vault guards (D)
  A dancing weapon (D)
  5 soul eaters (D)
  An ironbound convoker (D)
  A deep elf zephyrmancer (D)
  A wizard (D)
  A deep elf pyromancer (D)
  5 draconians (D)
  2 gargoyles (D)
  A freezing wraith (D)
  2 yaktaurs (D)
  4 merfolk (D)
  A wind drake (D)
  A troll (D)
  A golden eye (D)
  A warg (D)
  2 orc warriors (D)
  2 ogres (D)
  A centaur (D)
  2 phantoms (D)
  2 earth elementals (D)
  A jelly (D)
  An orc wizard (D)
  2 white imps (D)
  An adder zombie (D)
  2 adder skeletons (D)
  An endoplasm (D)
60 creatures vanquished.

Vanquished Creatures (collateral kills)
  2 azure jellies (D)
  A deep elf zephyrmancer (D)
  A deep elf pyromancer (D)
  2 shining eyes (D)
  A draconian (D)
  A slime creature (D)
  A yaktaur (D)
  A freezing wraith (D)
  A jumping spider (D)
  A floating eye (D)
  2 orc warriors (D)
  2 centaurs (D)
  3 scorpions (D)
  4 jellies (D)
  A white imp (D)
  A spectral adder (D)
  An adder simulacrum (D)
  A bat skeleton (D)
  A bat zombie (D)
  3 endoplasms (D)
  A ball python simulacrum (D)
  A ball python zombie (D)
  A quokka skeleton (D)
  A spectral giant cockroach (D)
35 creatures vanquished.

Grand Total: 95 creatures vanquished

Notes
Turn   | Place    | Note
-------+----------+-------------------------------------------
     0 | D        | bmack86 the Minotaur Fighter began the quest for the Orb.
     0 | D        | Reached XP level 1. HP: 19/19 MP: 0/0
     0 | D        | Found a shimmering blue altar of Sif Muna.
     0 | D        | Found a bloodstained altar of Trog.
     0 | D        | Found a sacrificial altar of Ru.
     0 | D        | Found a stormy altar of Qazlal.
     0 | D        | Found an iron altar of Okawaru.
     1 | D        | Found a sparkling altar of Nemelex Xobeh.
     1 | D        | Found a blossoming altar of Fedhas.
     1 | D        | Found the +6 Majin-Bo {spellvamp, MP+6 Int+6}
     1 | D        | Found the +27 heavy crossbow "Sniper" {heavy, Acc+∞ SInv}
     1 | D        | Found the +10 dark maul {heavy}
     1 | D        | Found the +15 Maxwell's patent armour {-Cast -Tele rElec
                  | Will+ rCorr}
     1 | D        | Found the +18 shield of the Gong {Loud rN+ Will+ rCorr
                  | EV-5}
     1 | D        | Found the +16 obsidian axe {drain, demonic, Mesm Drain Fly
                  | SInv}
     1 | D        | Found the +7 great mace "Firestarter" {flame, immolate,
                  | rFlCloud rF++}
     1 | D        | Found the +6 shillelagh "Devastator" {shatter}
     1 | D        | Found the +11 plutonium sword {Contam Stlth-}
     1 | D        | Found the +8 lance "Wyrmbane" {slay drac, rPois rF+ rC+
                  | AC+3}
     1 | D        | Found the +9 sword of Zonguldrok {reap}
     1 | D        | Found the +13 scythe of Curses {drain, curses, Drain}
     1 | D        | Found the +9 sword of Power {lifebolt}
     1 | D        | Found the +7 mace of Variability {chaos, chaos arc}
     1 | D        | Found the +11 Singing Sword {sonic wave}
     1 | D        | Found the +8 storm bow {elec, penet}
     3 | D        | Found a transporter.
     3 | D        | Found an ancient bone altar of Kikubaaqudgha.
     3 | D        | Found a viscous altar of Jiyva.
     3 | D        | Found a corrupted altar of Lugonu.
     3 | D        | Found a hazy altar of Hepliaklqana.
     3 | D        | Found a burning altar of Makhleb.
     3 | D        | Found an opulent altar of Gozag.
    49 | D        | Became a worshipper of Gozag Ym Sagoz the Greedy
    57 | D        | Reached skill level 9 in Axes
    57 | D        | Reached XP level 2. HP: 26/26 MP: 1/1
    59 | D        | Entered arena 2.
    59 | D        | Noticed a golden eye
    59 | D        | Found a transporter.
    61 | D        | Killed a golden eye
    62 | D        | Reached skill level 11 in Axes
    62 | D        | Reached XP level 3. HP: 37/37 MP: 2/2
    62 | D        | Reached XP level 4. HP: 44/44 MP: 3/3
    62 | D        | Reached XP level 5. HP: 50/50 MP: 4/4
    76 | D        | Entered arena 3.
    76 | D        | Noticed a draconian
    76 | D        | Noticed a draconian
    76 | D        | Noticed a draconian
    76 | D        | Found a transporter.
    84 | D        | Killed a draconian
    85 | D        | Reached skill level 13 in Axes
    85 | D        | Reached XP level 6. HP: 60/61 MP: 5/5
    85 | D        | Reached XP level 7. HP: 66/68 MP: 6/6
    86 | D        | Killed a draconian
    87 | D        | Reached skill level 14 in Axes
    87 | D        | Killed a draconian
    88 | D        | Reached skill level 15 in Axes
    88 | D        | Reached XP level 8. HP: 78/79 MP: 7/7
   102 | D        | Entered arena 4.
   102 | D        | Found the +10 tower shield of Ignorance {rN+ Int-4}
   102 | D        | Noticed a white draconian
   102 | D        | Noticed a draconian
   102 | D        | Noticed a draconian
   102 | D        | Noticed a draconian
   102 | D        | Found a transporter.
   107 | D        | Killed a draconian
   108 | D        | Reached skill level 10 in Fighting
   108 | D        | Reached skill level 16 in Axes
   108 | D        | Reached skill level 10 in Armour
   108 | D        | Reached skill level 10 in Shields
   110 | D        | Killed a draconian
   111 | D        | Reached XP level 9. HP: 77/86 MP: 8/8
   111 | D        | Killed a white draconian
   112 | D        | Reached skill level 17 in Axes
   112 | D        | Killed a draconian
   134 | D        | Entered arena 5.
   134 | D        | Found a transporter.
   136 | D        | Reached skill level 18 in Axes
   165 | D        | Entered arena 6.
   165 | D        | Noticed a deep elf pyromancer
   165 | D        | Noticed a deep elf zephyrmancer
   165 | D        | Noticed a deep elf pyromancer
   165 | D        | Noticed a +0 flail of venom
   165 | D        | Noticed a deep elf zephyrmancer
   165 | D        | Found a transporter.
   169 | D        | Killed a deep elf zephyrmancer
   171 | D        | Killed a deep elf zephyrmancer
   172 | D        | Reached XP level 10. HP: 89/100 MP: 9/9
   173 | D        | Killed a +0 flail of venom
   173 | D        | Killed a deep elf pyromancer
   174 | D        | Reached skill level 19 in Axes
   174 | D        | Killed a deep elf pyromancer
   192 | D        | Got the ring of Urchoq {rElec rC- Int+6 Dex+3}
   210 | D        | Entered arena 7.
   210 | D        | Found the +8 demon trident "Rift" {distort, reach+}
   211 | D        | Found a transporter.
   250 | D        | Entered arena 8.
   251 | D        | Found a transporter.
   253 | D        | Paralysed by a floating eye for 3 turns
   273 | D        | Entered arena 9.
   274 | D        | Found a transporter.
   277 | D        | Reached skill level 20 in Axes
   310 | D        | Entered arena 10.
   311 | D        | Found a transporter.
   331 | D        | Reached XP level 11. HP: 64/111 MP: 10/10
   356 | D        | Got the ring of Diwnal {Fire Dex+3}
   359 | D        | Got the +0 pair of gloves of the Lair of Beasts {rF+ rC-
                  | Dex+2}
   466 | D        | Entered arena 11.
   466 | D        | Noticed a wizard
   466 | D        | Noticed a vault guard
   466 | D        | Noticed a formless jellyfish
   466 | D        | Noticed an ironbound convoker
   466 | D        | Noticed a great orb of eyes
   466 | D        | Noticed a vault guard
   469 | D        | Found a transporter.
   474 | D        | Killed a vault guard
   475 | D        | Reached skill level 21 in Axes
   475 | D        | Killed an ironbound convoker
   476 | D        | Reached skill level 15 in Shields
   476 | D        | Killed a wizard
   479 | D        | Killed a great orb of eyes
   480 | D        | Reached skill level 15 in Fighting
   480 | D        | Reached skill level 15 in Armour
   480 | D        | Killed a vault guard
   480 | D        | Killed a formless jellyfish
   481 | D        | Reached skill level 22 in Axes
   506 | D        | Got Nulocauh's Intricacies of Hermeneutics
   532 | D        | Entered arena 12.
   532 | D        | Noticed an orc warlord
   534 | D        | Found a transporter.
   540 | D        | Killed an orc warlord
   580 | D        | Entered arena 13.
   580 | D        | Noticed a soul eater
   580 | D        | Noticed a soul eater
   581 | D        | Noticed a soul eater
   581 | D        | Noticed a soul eater
   581 | D        | Noticed a ghoul
   581 | D        | Noticed a soul eater
   581 | D        | Found the brooch of Shielding {Spirit SH+8}
   582 | D        | Found a transporter.
   586 | D        | Killed a soul eater
   587 | D        | Reached skill level 23 in Axes
   591 | D        | Killed a soul eater
   592 | D        | Killed a soul eater
   593 | D        | Reached XP level 12. HP: 124/124 MP: 11/11
   601 | D        | Killed a ghoul
   657 | D        | Entered arena 14.
   658 | D        | Noticed an azure jelly
   659 | D        | Noticed an acid blob
   659 | D        | Noticed a rockslime
   659 | D        | Noticed a great orb of eyes
   659 | D        | Noticed an azure jelly
   660 | D        | Found a transporter.
   662 | D        | Killed an azure jelly
   663 | D        | Reached skill level 24 in Axes
   665 | D        | Killed an acid blob
   666 | D        | Killed a rockslime
   670 | D        | Killed an azure jelly
   672 | D        | Reached skill level 25 in Axes
   744 | D        | Entered arena 15.
   745 | D        | Noticed a quicksilver dragon
   745 | D        | Noticed a crystal guardian
   745 | D        | Noticed a quicksilver dragon
   745 | D        | Noticed an iron dragon
   745 | D        | Noticed an iron dragon
   745 | D        | Noticed a crystal guardian
   745 | D        | Noticed a crystal guardian
   746 | D        | Noticed an iron golem
   746 | D        | Noticed an iron dragon
   747 | D        | Found a transporter.
   750 | D        | Killed a quicksilver dragon
   750 | D        | Killed a quicksilver dragon
   756 | D        | Killed an iron dragon
   762 | D        | Killed a crystal guardian
   764 | D        | Killed an iron dragon
   765 | D        | Reached skill level 26 in Axes
   765 | D        | Reached XP level 13. HP: 116/136 MP: 9/12
   765 | D        | Killed a crystal guardian
   772 | D        | Slain by an iron golem

Illustrated notes

Levels and vault maps discovered:
D:        sprint_v [room_start, room_1, room_2, room_3, room_4, room_5, room_6,
          room_7, room_8, room_9, room_10, room_11, room_12, room_13, room_14,
          room_15, room_16, room_17, room_18, room_19, room_20, room_21,
          room_22, room_23, room_24, room_25, room_26, room_27]

Skill      XL: |  1  2  3  4  5  6  7  8  9 10 11 12 |
---------------+-------------------------------------+-----
Axes           | 9 11 13 15 16 18 20 23 26 | 26.1
Fighting       | 6 8 9 10 12 14 16 18 | 18.6
Armour         | 6 8 9 10 12 14 16 18 | 18.6
Shields        | 6 8 9 10 12 14 18 20 | 20.9

Action                     |  1- 3 |  4- 6 |  7- 9 | 10-12 | 13-15 || total
---------------------------+-------+-------+-------+-------+-------++-------
  Melee: Broad axe         |     2 |     6 |    15 |    81 |     7 ||   111
         Headbutt          |       |     1 |     4 |    23 |     3 ||    31
 Invoke: Bribe Branch      |       |       |       |     1 |       ||     1
    Use: Potion            |     1 |       |       |     3 |       ||     4
   Stab: Distracted        |       |       |       |     2 |       ||     2
 Armour: Plate armour      |       |     1 |     3 |    32 |     2 ||    38
  Dodge: Dodged            |       |       |       |    14 |       ||    14
  Block: Kite shield       |       |    15 |    15 |    98 |     6 ||   134

Table legend: (Time is in decaauts)
 A = Elapsed time spent in this place.
 B = Non-inter-level travel time spent in this place.
 C = Inter-level travel time spent in this place.
 D = Time resting spent in this place.
 E = Time spent auto-exploring this place.
 F = Levels seen in this place.
 G = Mean time per level.
                   A        B        C        D        E       F      G
               +--------+--------+--------+--------+--------+-----+--------+
         Total |    720 |    720 |      0 |     99 |     17 |   1 |  720.0 |
       Dungeon |    720 |    720 |      0 |     99 |     17 |   1 |  720.0 |
               +--------+--------+--------+--------+--------+-----+--------+

Top non-repeatable levels by time:
       D: 720 daAuts
